 Dungeon Crawl Stone Soup version 0.15.0-27-gbdb0435 (webtiles) character file.

244 zercules the Skirmisher (level 6, 0/39 HPs)
             Began as a Gargoyle Berserker on Sept 11, 2014.
             Was a Believer of Trog.
             Killed by divine providence
             ... invoked by an orc priest
              (15 damage)
             ... on Level 4 of the Dungeon.
             The game lasted 00:08:02 (2304 turns).

zercules the Skirmisher (Gargoyle Berserker)        Turns: 2304, Time: 00:08:02

HP   0/39        AC  6     Str 21      XL: 6   Next: 10%
MP   6/6         EV 12     Int  7      God: Trog [**....]
Gold 165         SH  0     Dex 11      Spells:  0 memorised,  5 levels left

rFire  . . .     SeeInvis .     a - +0 mace
rCold  . . .     Clarity  .     b - +0 animal skin
rNeg   + . .     rCorr    .     (no shield)
rPois  +         rRot     +     (no helmet)
rElec  +         Spirit   .     (no cloak)
SustAb .         Warding  .     (no gloves)
rMut   .         Stasis   .     (no boots)
Gourm  .                        (no amulet)
MR     .....                    (no ring)
                                (no ring)

@: exhausted, slowed, very slow, not resistant to hostile enchantments, very
unstealthy
A: negative energy resistance 1, electricity resistance, unbreathing,
petrification resistance, rot immunity, AC +4
a: Burn Spellbooks, Berserk, Trog's Hand, Renounce Religion


You were on level 4 of the Dungeon.
You worshipped Trog.
Trog was pleased with you.
You were very hungry.

You visited 1 branch of the dungeon, and saw 4 of its levels.

You collected 165 gold pieces.


Innate Abilities, Weirdness & Mutations

You are resistant to torment.
You are immune to poison.
Your stone body is very resilient (AC +4).
You resist negative energy.
You are resistant to electric shocks.
You can survive without breathing.
You are immune to petrification.
You are immune to rotting.


   Skills:
 + Level 4.6 Fighting
 + Level 4.2 Maces & Flails
 + Level 3.8 Armour
 + Level 2.7 Dodging


You had 5 spell levels left.
You didn't know any spells.

Dungeon Overview and Level Annotations

Branches:
Dungeon (4/15)
 Temple: D:4-7

Altars:
Nemelex Xobeh
The Shining One

Inventory:

Hand weapons
 a - a +0 mace (weapon)
Armour
 b - a +0 animal skin (worn)
 m - a +0 pair of gloves
Magical devices
 u - a wand of polymorph (14)
Comestibles
 c - 3 bread rations
 j - 3 meat rations
 p - a beef jerky
Scrolls
 e - a scroll of immolation {unknown}
 h - a scroll of blinking {unknown}
 i - 2 scrolls of teleportation {unknown}
 k - 2 scrolls of recharging {unknown}
 l - a scroll of remove curse {unknown}
 o - 3 scrolls of identify {unknown}
 r - a scroll of fog {unknown}
Jewellery
 n - an uncursed ring of ice {unknown}
 q - an uncursed ring of protection from fire {unknown}
 s - a cursed -3 ring of intelligence {unknown}
 t - an uncursed ring of protection from fire {unknown}
Potions
 d - 3 potions of agility {unknown}
 f - a potion of haste {unknown}
 g - 4 potions of curing {unknown}

#........#.....
#....##........
#....##........
#..............
#..<.....<......
##...).)..........
#..................
#...#................
#..######.@..........
#..# ###.oo....... ..
#.go........
#...S.......
#........*..
#..........
#..........
...........
#..........


You could see an orc priest, a gnoll, an adder and 2 orcs.


Message History

You sock the ogre!
The ogre is heavily wounded.
The hound barely misses you.
You bludgeon the ogre!!
You kill the ogre!
Trog accepts your kill.
Your Maces & Flails skill increases to level 4!
The orc barely misses you. The hound completely misses you.
You miss the hound. The hound misses you. The orc barely misses you.
You barely miss the hound. The hound closely misses you.
The orc hits you but does no damage. The hound bites you.
You miss the hound.
You are feeling hungry.
The hound bites you but does no damage.
You closely miss the hound. The orc hits you with a flail! The hound bites you.
* * * LOW HITPOINT WARNING * * *
You sock the hound!
The hound is moderately wounded.
The hound barely misses you. The orc hits you with a flail.
* * * LOW HITPOINT WARNING * * *
You barely miss the hound.
The hound is moderately wounded.
The hound closely misses you.
You sock the hound!
The hound is almost dead.
The hound barely misses you. The orc hits you with a flail.
* * * LOW HITPOINT WARNING * * *
You hit the hound.
You kill the hound!
Trog accepts your kill.
You have reached level 6!
Your experience leads to an increase in your attributes!
Increase (S)trength, (I)ntelligence, or (D)exterity?
You feel agile. The orc closely misses you.
You bludgeon the orc!!
You kill the orc!
Trog accepts your kill.
You feel a strong urge to attack something.
You are no longer berserk.
You are exhausted.
You feel yourself slow down.
You are feeling very hungry.
Things that are here:
a flail; a ring mail You see here a giant club.
An orc comes into view.
The orc shouts! 2 orc priests come into view.
The orc priest shouts!
The orc priest looks braver.
Found 17 gold pieces.
An orc comes into view. It is wielding a flail.
An adder comes into view.
You closely miss the orc. The orc barely misses you. The orc hits you.
* * * LOW HITPOINT WARNING * * *
The orc priest barely misses you.
Evoke which item? (* to show all) (? for menu, Esc to quit)
Zapping:
u - a twisted copper wand
Aim: an orc priest, wielding a flail The orc priest evaporates and reforms as a gnoll!
u - a wand of polymorph {zapped: 1} The orc closely misses you.
The orc priest prays to Beogh.
You feel a wave of unholy energy pass over you.
The gnoll hits you but does no damage. The orc misses you.
The gnoll barely misses you.
The orc priest mumbles some strange prayers to Beogh against you.
Something smites you!
You die...

Action                   |  1- 3 |  4- 6 || total
-------------------------+-------+-------++-------
Melee: Mace              |    78 |   117 ||   195
Invok: Berserk           |       |     1 ||     1
Evoke: Wand              |       |     1 ||     1
  Eat: Chunk             |       |     3 ||     3
       Pizza             |       |     1 ||     1

Vault maps used:
D:1:      dpeg_arrival_concentric_ovals, minivault_23,
          nemelex_diamond_rough_becter
D:2:      serial_park_tiny_2, uniq_terence
D:3:      lemuel_crystal_altar
D:4:      first_bread

Notes
Turn   | Place    | Note
--------------------------------------------------------------
     0 | D:1      | zercules, the Gargoyle Berserker, began the quest for the Orb.
     0 | D:1      | Reached XP level 1. HP: 14/14 MP: 1/1
   194 | D:1      | Found a sparkling altar of Nemelex Xobeh.
   264 | D:1      | Reached XP level 2. HP: 8/19 MP: 2/2
   884 | D:1      | Reached XP level 3. HP: 21/23 MP: 3/3
   912 | D:2      | Reached skill level 2 in Dodging
  1062 | D:2      | Noticed Terence
  1077 | D:2      | Killed Terence
  1184 | D:2      | Acquired Trog's second power
  1204 | D:2      | Reached XP level 4. HP: 15/29 MP: 4/4
  1406 | D:2      | Reached skill level 3 in Armour
  1527 | D:2      | Reached skill level 4 in Fighting
  2128 | D:3      | Reached XP level 5. HP: 30/34 MP: 5/5
  2161 | D:3      | Found a glowing golden altar of the Shining One.
  2270 | D:4      | Noticed an ogre
  2279 | D:4      | Killed an ogre
  2279 | D:4      | Reached skill level 4 in Maces & Flails
  2287 | D:4      | Reached XP level 6. HP: 19/39 MP: 6/6
  2304 | D:4      | Killed from afar by an orc priest

Vanquished Creatures
  An ogre (D:4)
  A hound (D:4)
  Terence (D:2)
  A gnoll (D:1)
  5 adders
  A giant mite (D:2)
  2 worms (D:2)
  2 giant geckos
  An orc (D:4)
  2 giant cockroaches (D:1)
  6 hobgoblins
  3 kobolds (D:2)
  2 quokkas (D:3)
  6 bats
  4 giant newts
  3 goblins
  2 rats
43 creatures vanquished.
